AoeStats
← kaifanestro

Black Forest

510197708Analyzed
4v4 RM · 1d ago on Sep 29, 2026· 63m 42s· 8 players
Game mode
Random Map
Map size
Large (8 player)
Population
200
Speed
Normal
Resources
Standard
Victory
Conquest
Starting age
Dark Age
Ending age
Imperial Age
RankedLock teamsTeams togetherTeam positionsShared explorationLock speedFull tech treeHidden civsTurbo modeCheats
Victory
Defeat
🇨🇦 Malians · Canada
830
+11
🇨🇱 Franks · Chile
764
+14
🇵🇪 Franks · Peru
544
+22
🇳🇿 Georgians · New Zealand
535
+23
🇺🇸 Malians · United States
740
-19
🇨🇦 Danes · Canada
729
-19
🇲🇽 Franks · Mexico
676
-16
🇦🇷 Varangians · Argentina
666
-16
GodAres1994
0:28 Loom
13:42 Feudal Age
15:05 Town Watch
19:32 Castle Age
17:37 Double-Bit Axe
Seventh L3tter
0:28 Loom
12:30 Feudal Age
19:53 Castle Age
18:52 Horse Collar
19:03 Double-Bit Axe
19:53 Gold Mining
26:05 Fishing Lines
28:19 Bow Saw
28:37 Heavy Plow
34:32 Imperial Age
33:09 Scale Mail Armor
33:13 Squires
32:59 Gambesons
33:00 Arson
33:37 Gillnets
34:24 Chain Mail Armor
35:06 Forging
36:48 Plate Mail Armor
39:42 Iron Casting
41:36 Blast Furnace
43:18 Ballistics
45:09 Chemistry
44:05 Murder Holes
47:21 Conscription
47:59 Wheelbarrow
47:10 Town Watch
47:00 Pikeman
47:38 Elite Jomsviking
48:21 Hamask
50:52 Hand Cart
50:57 Elite Varangian Guard
51:53 Halberdier
Zukomazi
0:30 Loom
14:21 Feudal Age
15:52 Double-Bit Axe
17:08 Town Watch
18:02 Wheelbarrow
17:13 Town Watch
19:38 Horse Collar
22:57 Castle Age
21:24 Stone Mining
21:32 Gold Mining
24:02 Bow Saw
23:54 Heavy Plow
29:28 Fishing Lines
31:42 Gillnets
34:19 Gold Shaft Mining
34:20 Stone Shaft Mining
36:17 Imperial Age
34:03 Hand Cart
34:44 Caravan
35:54 Scale Mail Armor
36:05 Forging
36:05 Pikeman
36:45 Squires
36:31 Arson
36:53 Tigui
37:22 Tigui
38:06 Iron Casting
37:46 Chain Mail Armor
38:28 Conscription
39:24 Crop Rotation
40:39 Plate Mail Armor
39:59 Capped Ram
43:32 Fortified Wall
43:33 Masonry
43:44 Ballistics
44:25 Chemistry
43:06 Treadmill Crane
L.T Smith
12:11 Feudal Age
16:28 Castle Age
14:19 Double-Bit Axe
16:15 Gold Mining
16:07 Horse Collar
18:06 Forging
21:57 Arson
22:17 Squires
29:53 Imperial Age
31:58 Fletching
32:19 Murder Holes
32:06 Treadmill Crane
32:47 Ballistics
35:25 Conscription
36:52 Fishing Lines
38:32 Bodkin Arrow
39:41 Chemistry
38:54 Masonry
42:40 Bow Saw
42:34 Heavy Plow
42:28 Gillnets
42:32 Stone Mining
42:49 Capped Ram
45:08 Caravan
pipe4ndres
10:53 Feudal Age
11:23 Double-Bit Axe
13:10 Loom
17:01 Horse Collar
20:28 Castle Age
18:35 Horse Collar
20:43 Fishing Lines
22:27 Gold Mining
22:51 Bow Saw
23:48 Wheelbarrow
22:59 Town Watch
24:53 Man-at-Arms
25:49 Forging
26:04 Long Swordsman
26:49 Scale Mail Armor
28:41 Chain Mail Armor
29:51 Iron Casting
29:55 Squires
32:25 Scale Barding Armor
33:00 Arson
36:40 Imperial Age
35:09 Hand Cart
36:24 Chain Barding Armor
36:41 Stone Mining
36:45 Two-Handed Swordsman
37:59 Plate Mail Armor
38:49 Conscription
39:58 Champion
46:10 Chemistry
46:57 Fortified Wall
47:08 Ballistics
46:59 Masonry
46:46 Murder Holes
48:13 Fletching
51:36 Town Patrol
53:19 Bodkin Arrow
56:33 Architecture
55:48 Treadmill Crane
58:37 Devotion
59:49 Heavy Plow
61:45 Spies/Treason
62:29 Tigui
ig._1234321
11:11 Loom
15:27 Feudal Age
17:13 Double-Bit Axe
17:23 Gold Mining
22:16 Castle Age
24:11 Wheelbarrow
23:46 Town Watch
25:18 Hand Cart
27:53 Fortified Wall
29:49 Husbandry
31:07 Forging
31:03 Scale Barding Armor
32:08 Bow Saw
35:43 Town Patrol
36:58 Iron Casting
36:44 Chain Barding Armor
38:21 Murder Holes
38:37 Masonry
38:48 Ballistics
38:11 Treadmill Crane
47:24 Imperial Age
47:30 Imperial Age
52:31 Cavalier
57:10 Paladin
59:55 Capped Ram
60:06 Capped Ram
62:25 Blast Furnace
kaifanestro
8:37 Loom
11:35 Feudal Age
13:59 Wheelbarrow
13:17 Double-Bit Axe
17:54 Gold Mining
23:50 Castle Age
22:41 Stone Mining
26:13 Bow Saw
27:27 Hand Cart
28:42 Gold Shaft Mining
33:15 Imperial Age
31:22 Hand Cart
33:57 Scale Barding Armor
34:03 Forging
33:55 Husbandry
35:13 Fletching
35:26 Cavalier
37:31 Conscription
38:44 Chain Barding Armor
39:00 Iron Casting
38:23 Bodkin Arrow
40:05 Paladin
46:43 Blast Furnace
46:19 Plate Barding Armor
Lag
13:32 Feudal Age
24:59 Castle Age
23:00 Horse Collar
Connection lost

Rejoining the realm…

Still unreachable

The connection could not be restored.

Session expired

The server has moved on; the page needs a fresh start.